% Time on Ice - CALGARY FIREMEN
Lines # - Real PCT - Wanted PCT - Time Play
Normal Forward
1 - 34% - 33% - 17:58
2 - 32% - 32% - 17:11
3 - 25% - 25% - 13:24
4 - 9% - 10% - 4:36
Normal Defense
1 - 32% - 33% - 17:03
2 - 32% - 32% - 16:45
3 - 28% - 25% - 14:58
4 - 8% - 10% - 4:23
PP Forward
1 - 0% - 50% - 0:00
2 - 100% - 50% - 0:18
PP Defense
1 - 0% - 50% - 0:00
2 - 100% - 50% - 0:18
PK Forward
1 - 54% - 50% - 3:32
2 - 46% - 50% - 3:01
PK Defense
1 - 56% - 70% - 3:42
2 - 44% - 30% - 2:51
PK3 Forward
1 - 0% - 50%
2 - 0% - 50%
PK3 Defense
1 - 0% - 50%
2 - 0% - 50%
44 Forward
1 - 0% - 50%
2 - 0% - 50%
44 Defense
1 - 0% - 50%
2 - 0% - 50%
Last Minute Offensive  - 0:00
Last Minute Defensive  - 0:00
Total
Forward - 60:00
Defense - 60:00
% Time on Ice - VANCOUVER VOODOO
Lines # - Real PCT - Wanted PCT - Time Play
Normal Forward
1 - 34% - 36% - 17:49
2 - 29% - 31% - 15:36
3 - 26% - 23% - 13:45
4 - 11% - 10% - 5:59
Normal Defense
1 - 34% - 36% - 17:49
2 - 30% - 33% - 15:58
3 - 36% - 31% - 19:14
4 - 0% - 0% - 0:08
PP Forward
1 - 49% - 55% - 3:12
2 - 51% - 45% - 3:21
PP Defense
1 - 49% - 55% - 3:11
2 - 51% - 45% - 3:22
PK Forward
1 - 100% - 55% - 0:18
2 - 0% - 45% - 0:00
PK Defense
1 - 0% - 55% - 0:00
2 - 100% - 45% - 0:18
PK3 Forward
1 - 0% - 55%
2 - 0% - 45%
PK3 Defense
1 - 0% - 55%
2 - 0% - 45%
44 Forward
1 - 0% - 55%
2 - 0% - 45%
44 Defense
1 - 0% - 55%
2 - 0% - 45%
Last Minute Offensive  - 0:00
Last Minute Defensive  - 0:00
Total
Forward - 60:00
Defense - 60:00
Play-by-Play 1st period 0:01 of 1st period - Ryan Johansen wins face-off versus Cole Sillinger in neutral zone. 0:03 of 1st period - Filip Forsberg is hit by Logan Stanley and loses puck. 0:23 of 1st period - Shot by Ryan Johansen. 0:23 of 1st period - Stopped by Samuel Montembeault with a rebound. 0:52 of 1st period - Icing by Logan Stanley. 0:53 of 1st period - Cole Sillinger wins face-off versus Adam Henrique in VANCOUVER VOODOO zone. 1:31 of 1st period - Icing by Anthony Beauvillier. 1:32 of 1st period - Patric Hornqvist wins face-off versus Jack Drury in VANCOUVER VOODOO zone. 1:32 of 1st period - Anthony Beauvillier is hit by Yakov Trenin and loses puck. 1:56 of 1st period - Patric Hornqvist is hit by Robert Bortuzzo and loses puck. 2:45 of 1st period - Shot by Mattias Janmark-Nylen. 2:45 of 1st period - Stopped by Samuel Montembeault without a rebound. 2:46 of 1st period - Adam Henrique wins face-off versus Jack McBain in VANCOUVER VOODOO zone. 3:21 of 1st period - Shot by Marcus Johansson. 3:21 of 1st period - Shot Misses the Net. 3:32 of 1st period - Icing by Jake McCabe. 3:33 of 1st period - Adam Henrique wins face-off versus Jake Evans in CALGARY FIREMEN zone. 3:56 of 1st period - Shot by Jake Evans. 3:56 of 1st period - Shot Blocked by Justin Braun. 3:58 of 1st period - Shot by Patric Hornqvist. 3:58 of 1st period - Stopped by Carey Price without a rebound. 3:59 of 1st period - Jack Drury wins face-off versus Josh Anderson in CALGARY FIREMEN zone. 5:24 of 1st period - Shot by Brendan Lemieux. 5:24 of 1st period - Shot Blocked by Shayne Gostisbehere. 6:02 of 1st period - Shot by Andreas Athanasiou. 6:02 of 1st period - Stopped by Samuel Montembeault without a rebound. 6:03 of 1st period - Jack McBain wins face-off versus Brett Howden in VANCOUVER VOODOO zone. 6:03 of 1st period - Jack McBain is hit by Oskar Lindblom. 6:31 of 1st period - Oskar Lindblom is hit by John Moore and loses puck. 6:37 of 1st period - Brett Howden is hit by Braden Schneider and loses puck. 6:55 of 1st period - Adam Henrique is hit by John Moore and loses puck. 7:11 of 1st period - Shot by Adam Henrique. 7:11 of 1st period - Shot Blocked by John Moore. 7:13 of 1st period - Shot by Adam Henrique. 7:13 of 1st period - Deflect By Andreas Athanasiou. 7:13 of 1st period - Stopped by Samuel Montembeault without a rebound. 7:14 of 1st period - Ryan Johansen wins face-off versus Josh Anderson in VANCOUVER VOODOO zone. 7:15 of 1st period - Shot by Filip Forsberg. 7:15 of 1st period - Shot Blocked by Sebastien Aho. 7:35 of 1st period - Shot by Dominik Kubalik. 7:35 of 1st period - Shot Misses the Net. 7:51 of 1st period - Shot by Cole Sillinger. 7:51 of 1st period - Shot Blocked by Robert Bortuzzo. 7:56 of 1st period - Dominik Kubalik is hit by Robert Bortuzzo and loses puck. 8:23 of 1st period - Icing by Yakov Trenin. 8:24 of 1st period - Radek Faksa wins face-off versus Jack Drury in CALGARY FIREMEN zone. 8:36 of 1st period - Off-side. 8:37 of 1st period - Adam Henrique wins face-off versus Jake Evans in neutral zone. 8:44 of 1st period - Shot by Jakob Silfverberg. 8:44 of 1st period - Stopped by Samuel Montembeault without a rebound. 8:45 of 1st period - Radek Faksa wins face-off versus Adam Henrique in VANCOUVER VOODOO zone. 8:57 of 1st period - Off-side. 8:58 of 1st period - Cole Sillinger wins face-off versus Filip Forsberg in neutral zone. 9:09 of 1st period - Shot by Ryan Johansen. 9:09 of 1st period - Shot Misses the Net. 9:14 of 1st period - Minor Penalty to Josh Anderson for Goalie Interference. 9:15 of 1st period - Adam Henrique wins face-off versus Radek Faksa in VANCOUVER VOODOO zone. 9:30 of 1st period - Shot by Jake McCabe. 9:30 of 1st period - Deflect By Adam Henrique. 9:30 of 1st period - Shot Misses the Net. 9:32 of 1st period - Shot by Jake McCabe. 9:32 of 1st period - Goal by Jake McCabe - CALGARY FIREMEN : 1 - VANCOUVER VOODOO : 0. 9:33 of 1st period - Jack Drury wins face-off versus Cole Sillinger in neutral zone. 9:38 of 1st period - Shot by Shayne Gostisbehere. 9:38 of 1st period - Stopped by Samuel Montembeault without a rebound. 9:39 of 1st period - Adam Henrique wins face-off versus Jake Evans in VANCOUVER VOODOO zone. 10:18 of 1st period - Shot by Anthony Beauvillier. 10:18 of 1st period - Stopped by Carey Price with a rebound. 10:29 of 1st period - Off-side. 10:30 of 1st period - Jack Drury wins face-off versus Dominik Kubalik in neutral zone. 11:00 of 1st period - Josh Anderson is hit by Gustav Forsling and loses puck. 11:09 of 1st period - Shot by Dominik Kubalik. 11:09 of 1st period - Stopped by Carey Price without a rebound. 11:10 of 1st period - Radek Faksa wins face-off versus Ryan Johansen in CALGARY FIREMEN zone. 11:15 of 1st period - Shot by Brendan Lemieux. 11:15 of 1st period - Shot Misses the Net. 12:23 of 1st period - Off-side. 12:24 of 1st period - Cole Sillinger wins face-off versus Jack Drury in neutral zone. 13:11 of 1st period - Icing by Braden Schneider. 13:12 of 1st period - Adam Henrique wins face-off versus Cole Sillinger in VANCOUVER VOODOO zone. 13:15 of 1st period - Shot by Adam Henrique. 13:15 of 1st period - Shot Misses the Net. 13:36 of 1st period - Shot by Patric Hornqvist. 13:36 of 1st period - Shot Misses the Net. 13:40 of 1st period - Shot by Patric Hornqvist. 13:40 of 1st period - Stopped by Carey Price without a rebound. 13:41 of 1st period - Ryan Johansen wins face-off versus Radek Faksa in CALGARY FIREMEN zone. 13:41 of 1st period - Ryan Johansen is hit by Brendan Lemieux. 15:34 of 1st period - Minor Penalty to Andreas Athanasiou for Elbowing. 15:35 of 1st period - Jack Drury wins face-off versus Cole Sillinger in CALGARY FIREMEN zone. 16:56 of 1st period - Shot by Radek Faksa. 16:56 of 1st period - Stopped by Carey Price without a rebound. 16:57 of 1st period - Brett Howden wins face-off versus Radek Faksa in CALGARY FIREMEN zone. 18:50 of 1st period - Justin Braun is hit by Jack McBain and loses puck. 19:07 of 1st period - Icing by Shayne Gostisbehere. 19:08 of 1st period - Brendan Gallagher wins face-off versus Brett Howden in CALGARY FIREMEN zone. 19:23 of 1st period - Shot by Brendan Lemieux. 19:23 of 1st period - Shot Blocked by Justin Braun. 19:25 of 1st period - Shot by Brendan Lemieux. 19:25 of 1st period - Stopped by Carey Price without a rebound. 19:26 of 1st period - Jack Drury wins face-off versus Dominik Kubalik in CALGARY FIREMEN zone. 19:33 of 1st period - Shot by Josh Anderson. 19:33 of 1st period - Shot Hit the Post. 19:36 of 1st period - Icing by Marc-Edouard Vlasic. 19:37 of 1st period - Jack Drury wins face-off versus Radek Faksa in CALGARY FIREMEN zone. 19:58 of 1st period - Shot by Jack Drury. 19:58 of 1st period - Shot Misses the Net. Goals for this period are 1 for CALGARY FIREMEN vs 0 for VANCOUVER VOODOO. Shots for this period are 7 for CALGARY FIREMEN vs 6 for VANCOUVER VOODOO. 2nd period 0:01 of 2nd period - Adam Henrique wins face-off versus Cole Sillinger in neutral zone. 0:57 of 2nd period - Icing by Jake McCabe. 0:58 of 2nd period - Jake Evans wins face-off versus Adam Henrique in CALGARY FIREMEN zone. 0:59 of 2nd period - Shot by Patric Hornqvist. 0:59 of 2nd period - Shot Misses the Net. 1:15 of 2nd period - Shot by Jake Evans. 1:15 of 2nd period - Shot Misses the Net. 1:33 of 2nd period - Shot by Yakov Trenin. 1:33 of 2nd period - Stopped by Samuel Montembeault with a rebound. 1:57 of 2nd period - Minor Penalty to Ryan Johansen for Hooking. 1:58 of 2nd period - Radek Faksa wins face-off versus Brett Howden in CALGARY FIREMEN zone. 2:01 of 2nd period - Shot by Brendan Gallagher. 2:01 of 2nd period - Stopped by Carey Price with a rebound. 2:03 of 2nd period - Shot by Brendan Gallagher. 2:03 of 2nd period - Stopped by Carey Price with a rebound. 2:25 of 2nd period - Shot by Radek Faksa. 2:25 of 2nd period - Shot Misses the Net. 2:27 of 2nd period - Shot by Matthew Grzelcyk. 2:27 of 2nd period - Shot Misses the Net. 2:29 of 2nd period - Shot by Matthew Grzelcyk. 2:29 of 2nd period - Shot Blocked by Jake McCabe. 2:31 of 2nd period - Shot by Matthew Grzelcyk. 2:31 of 2nd period - Shot Misses the Net. 2:33 of 2nd period - Shot by Dominik Kubalik. 2:33 of 2nd period - Goal by Dominik Kubalik - CALGARY FIREMEN : 1 - VANCOUVER VOODOO : 1. 2:34 of 2nd period - Ryan Johansen wins face-off versus Jack McBain in neutral zone. 2:51 of 2nd period - Shot by Filip Forsberg. 2:51 of 2nd period - Stopped by Samuel Montembeault without a rebound. 2:52 of 2nd period - Adam Henrique wins face-off versus Dominik Kubalik in VANCOUVER VOODOO zone. 3:21 of 2nd period - Off-side. 3:22 of 2nd period - Radek Faksa wins face-off versus Ryan Johansen in neutral zone. 3:29 of 2nd period - Shot by Brendan Lemieux. 3:29 of 2nd period - Shot Misses the Net. 3:31 of 2nd period - Shot by Mike Reilly. 3:31 of 2nd period - Stopped by Carey Price without a rebound. 3:32 of 2nd period - Jack Drury wins face-off versus Jake Evans in CALGARY FIREMEN zone. 4:34 of 2nd period - John Moore is hit by Filip Forsberg and loses puck. 5:19 of 2nd period - Shot by Jakob Silfverberg. 5:19 of 2nd period - Shot Misses the Net. 5:21 of 2nd period - Shot by Jakob Silfverberg. 5:21 of 2